 Dungeon Crawl Stone Soup version 0.29-a0-1039-gfc20370e89 (webtiles) character file.

Game seed: 2353144786454393773

180 arseassassin2 the Shooter (level 5, 0/37 HPs)
             Began as a Barachi Arcane Marksman on Aug 15, 2022.
             Slain by a centaur (2 damage)
             ... on level 4 of the Dungeon.
             The game lasted 00:06:11 (2865 turns).

arseassassin2 the Shooter (Barachi Arcane Marksman) Turns: 2865, Time: 00:06:11

Health: 0/37       AC:  8    Str: 11    XL:     5   Next: 60%
Magic:  6/6        EV: 11    Int: 13    God:
Gold:   96         SH:  0    Dex: 21    Spells: 5/6 levels left

rFire   . . .      SeeInvis .   n - +0 sling (vorpal)
rCold   . . .      Faith    .   (no shield)
rNeg    + . .      Spirit   .   l - +0 ring mail
rPois   .          Reflect  .   (no helmet)
rElec   .          Harm     .   v - +2 cloak
rCorr   .          Rampage  .   (no gloves)
Will    .....                   (no boots)
Stlth   +.........              (no amulet)
HPRegen 0.12/turn               j - +6 ring of dexterity
MPRegen 0.10/turn               r - ring of positive energy

@: about to teleport, weak-willed, unable to hop, slow
A: amphibious, slowness 1, strong legs 1, +LOS
a: Hop


You were on level 4 of the Dungeon.
You visited 1 branch of the dungeon, and saw 4 of its levels.

You collected 96 gold pieces.

Inventory:

Hand Weapons
 a - a +1 sling
 n - a +0 vorpal sling (weapon)
   (You took it off a goblin on level 3 of the Dungeon)
Armour
 c - a +0 robe
 l - a +0 ring mail (worn)
   (You found it on level 2 of the Dungeon)
 v - a +2 cloak (worn)
   (You took it off Crazy Yiuf on level 3 of the Dungeon)
Jewellery
 j - a +6 ring of dexterity (left hand)
   (You found it on level 2 of the Dungeon)
 r - a ring of positive energy (right hand)
   (You found it on level 3 of the Dungeon)
Scrolls
 b - 2 scrolls of poison {!r}
 e - 2 scrolls of vulnerability {!r}
 f - a scroll of teleportation {@r4}
 i - a scroll of noise {unknown}
 k - a scroll of identify {@r1}
 m - a scroll of amnesia {unknown}
 o - a scroll of blinking {unknown}
 u - a scroll of immolation {unknown}
 x - a scroll of fear {unknown}
Potions
 d - 3 potions of heal wounds {unknown}
 g - a potion of resistance {unknown}
 h - a potion of invisibility
 p - 2 potions of degeneration {unknown}
 q - a potion of cancellation {unknown}
 s - a potion of lignification {unknown}
 t - 3 potions of flight {unknown}
 w - a potion of mutation {unknown}
 z - a potion of haste {unknown}


   Skills:
 - Level 1.2 Fighting
 + Level 5.6 Ranged Weapons
 - Level 2.1 Dodging
 - Level 1.1 Spellcasting
 - Level 3.2 Hexes


You had 5 spell levels left.
You knew the following spells:

 Your Spells              Type           Power      Damage    Failure   Level
a - Slow                  Hex            36%        N/A       19%         1

Your spell library contained the following spells:

 Spells                   Type           Power      Damage    Failure   Level
 Inner Flame              Hex/Fire       4%         N/A       71%         3
 Portal Projectile        Hex/Tloc       8%         N/A       71%         3
 Cause Fear               Hex            4%         N/A       87%         4


Dungeon Overview and Level Annotations

Branches:
Dungeon (4/15)
 Temple: D:4-7

Altars:
Fedhas
Gozag
Makhleb
Zin

Annotations:
D:2 Sigmund
D:4 Menkaure


Innate Abilities, Weirdness & Mutations

You are amphibious.
You cover ground slowly.
You can hop short distances.
You have an extended range of vision and can be seen from far away.


Message History

Aim: a centaur (72% to hit)
You shoot a sling bullet.
The sling bullet barely misses the centaur.
The centaur hits you.
* * * LOW HITPOINT WARNING * * *
The centaur kicks you but does no damage.
The centaur hits you but does no damage.
The centaur closely misses you.
Fire: n) +0 sling (vorpal)
Aim: a centaur (72% to hit)
You shoot a sling bullet.
The sling bullet barely misses the centaur.
The centaur hits you but does no damage.
The centaur kicks you but does no damage.
The centaur completely misses you. The centaur barely misses you.
You aren't carrying any items that you can evoke.
Unknown command.
As you read the scroll labelled CIOFAABYORE, it crumbles to dust.
Magic quickly surges around you.
It was a scroll of vulnerability.
The centaur barely misses you.
The centaur kicks you but does no damage.
The black bear bites you.
* * * LOW HITPOINT WARNING * * *
The black bear claws you.
* * * LOW HITPOINT WARNING * * *
The black bear closely misses you.
As you read the scroll labelled BOUFEN OSIUHA, it crumbles to dust.
It is a scroll of identify.
f - 2 scrolls of teleportation The centaur barely misses you.
The centaur kicks you but does no damage.
The centaur hits you but does no damage.
The centaur kicks you but does no damage.
Okay, then.
As you read the scroll of teleportation {@r4}, it crumbles to dust.
You feel strangely unstable.
The centaur hits you but does no damage.
The centaur kicks you but does no damage.
The black bear bites you but does no damage.
The black bear closely misses you. The black bear claws you.
* * * LOW HITPOINT WARNING * * *
Okay, then.
Fire: n) +0 sling (vorpal)
Aim: a centaur (weak-willed, 72% to hit)
You shoot a sling bullet.
The sling bullet closely misses the centaur.
The centaur hits you.
* * * LOW HITPOINT WARNING * * *
The centaur kicks you.
You die...

#.#.####....#.#
#.#.........#.#
#.#...>..^..#.#
##.#.##......#.#
#..............#
####.#.#...#.###
#.#.....'...#
#.###...#h#.#
#.#.....#@#h#
.## #..#
#.#.###.#c#.#
.J. #..##
#.#.#.......#
...#...#
#.#.#.#.#.#.#
..#...#
#.#.#.#.#.#.#
.....#
#.#...#.#.#
#....
#.#####.#.#
#....
#.......#.#
...####....
####......#
...........


You could see a black bear (slow, weak-willed) and a centaur (weak-willed).

Vanquished Creatures
  Crazy Yiuf (D:3)
  An orc wizard (D:3)
  4 adders
  2 worms (D:2)
  3 dart slugs
  5 orcs
  7 ball pythons
  8 endoplasms
  2 giant cockroaches
  6 goblins
  7 hobgoblins
  5 jackals (D:1)
  3 quokkas
  4 bats (D:1)
  6 frilled lizards
  5 kobolds
  3 rats
72 creatures vanquished.

Notes
Turn   | Place    | Note
-------+----------+-------------------------------------------
     0 | D:1      | arseassassin2 the Barachi Arcane Marksman began the quest
                  | for the Orb.
     0 | D:1      | Reached XP level 1. HP: 15/15 MP: 2/2
    49 | D:1      | Reached XP level 2. HP: 5/21 MP: 0/3
   350 | D:1      | Reached skill level 3 in Ranged Weapons
   413 | D:1      | Reached XP level 3. HP: 13/26 MP: 4/4
   862 | D:1      | Found a faded altar of an unknown god.
  1256 | D:2      | Reached skill level 4 in Ranged Weapons
  1278 | D:2      | Noticed Sigmund
  1287 | D:2      | Reached XP level 4. HP: 32/32 MP: 3/5
  1391 | D:2      | Found a blossoming altar of Fedhas.
  1657 | D:3      | Found a blossoming altar of Fedhas.
  1806 | D:3      | Found a runed translucent door.
  1808 | D:3      | Noticed Crazy Yiuf
  1908 | D:3      | Found a burning altar of Makhleb.
  1908 | D:3      | Noticed a cacodemon
  1911 | D:3      | Noticed an orange demon
  1911 | D:3      | Noticed an orange demon
  1960 | D:3      | Found a glowing silver altar of Zin.
  1961 | D:3      | Found an opulent altar of Gozag.
  2148 | D:3      | Killed Crazy Yiuf
  2149 | D:3      | Reached skill level 5 in Ranged Weapons
  2149 | D:3      | Reached XP level 5. HP: 17/37 MP: 2/6
  2711 | D:4      | Noticed Menkaure
  2829 | D:4      | Noticed a black bear
  2830 | D:4      | Noticed a centaur
  2865 | D:4      | Slain by a centaur

Illustrated notes

Levels and vault maps discovered:
D:1:      lemuel_arrival_funnel, layout_loops_ring,
          shapermc_ecumenical_altar_mp_vishouse, minmay_misc_feat_four_crosses
D:2:      layout_basic, basic_altar, uniq_sigmund
D:3:      layout_rooms, grunt_temple_overflow_gold_and_silver,
          fedhas_ov_isle_minmay, makhleb_altar_promises_db,
          chequers_mini_garden, uniq_crazy_yiuf_cottage
D:4:      minmay_recursive_quarters, layout_basic, mainiacjoe_overflow_alcove_1,
          minmay_misc_feat_tiny, uniq_menkaure

Skill      XL: |  1  2  3  4 |
---------------+-------------+-----
Ranged Weapons | 3 4 5 |  5.6
Fighting       | |  1.2
Dodging        | |  2.1
Spellcasting   | |  1.1
Hexes          | |  3.2

Action                   |  1- 3 |  4- 6 || total
-------------------------+-------+-------++-------
 Fire: Sling             |   133 |   124 ||   257
 Cast: Slow              |     3 |     2 ||     5
 Abil: Hop               |     1 |     7 ||     8
  Use: Scroll            |       |     3 ||     3
Armor: Robe              |    11 |     1 ||    12
       Ring mail         |       |    31 ||    31
Dodge: Dodged            |    44 |    39 ||    83

Table legend: (Time is in decaauts)
 A = Elapsed time spent in this place.
 B = Non-inter-level travel time spent in this place.
 C = Inter-level travel time spent in this place.
 D = Time resting spent in this place.
 E = Time spent auto-exploring this place.
 F = Levels seen in this place.
 G = Mean time per level.
                   A        B        C        D        E       F      G
               +--------+--------+--------+--------+--------+-----+--------+
         Total |   3281 |   3172 |    109 |    642 |   1882 |   4 |  820.2 |
       Dungeon |   3281 |   3172 |    109 |    642 |   1882 |   4 |  820.2 |
               +--------+--------+--------+--------+--------+-----+--------+

Top non-repeatable levels by time:
     D:1: 1286 daAuts
     D:3: 1057 daAuts
     D:2: 548 daAuts
     D:4: 388 daAuts
